 Dungeon Crawl Stone Soup version 0.25.1-2-g60ff931df9 (webtiles) character file.

Game seed: 3054874696252750225

560 Peloso the Shield-Bearer (level 7, -5/61 HPs)
             Began as a Minotaur Fighter on Aug 28, 2020.
             Was an Initiate of Okawaru.
             Slain by Prince Ribbit (13 damage)
             ... on level 5 of the Dungeon.
             The game lasted 00:07:48 (3272 turns).

Peloso the Shield-Bearer (Minotaur Fighter)         Turns: 3272, Time: 00:07:49

Health: -5/61      AC: 17    Str: 21    XL:     7   Next: 9%
Magic:  15/15      EV:  4    Int:  5    God:    Okawaru [......]
Gold:   243        SH: 10    Dex: 11    Spells: 6/6 levels left

rFire    . . .     SeeInvis .   a - +1 long sword
rCold    . . .     Gourm    .   c - +0 kite shield
rNeg     . . .     Faith    .   j - +0 plate armour
rPois    .         Spirit   .   (helmet restricted)
rElec    .         Reflect  .   o - +1 cloak
rCorr    +         Harm     .   m - +2 pair of gloves
MR       .....                  (no boots)
Stlth    ..........             (no amulet)
HPRegen  0.20/turn              B - ring of magical power
MPRegen  0.14/turn              n - ring of resist corrosion

@: mighty
A: retaliatory headbutt, horns 2
a: Renounce Religion


You were on level 5 of the Dungeon.
You worshipped Okawaru.
Okawaru was noncommittal.
You were hungry.

You visited 2 branches of the dungeon, and saw 6 of its levels.

You collected 243 gold pieces.

Inventory:

Hand Weapons
 a - a +1 long sword (weapon)
Armour
 b - a +0 scale mail
 c - a +0 kite shield (worn)
 j - a +0 plate armour (worn)
 m - a +2 pair of gloves (worn)
 o - a +1 cloak (worn)
Jewellery
 i - an uncursed ring of ice
 n - a ring of resist corrosion (right hand)
 r - a +4 ring of evasion
 A - an uncursed amulet of guardian spirit {unknown}
 B - a ring of magical power (left hand)
Scrolls
 e - a scroll of fog
 k - 3 scrolls of remove curse
 l - 4 scrolls of identify
 p - 5 scrolls of teleportation
 s - a scroll of amnesia
 t - a scroll of enchant weapon
 x - a scroll of enchant armour {unknown}
 y - 2 scrolls of random uselessness {unknown}
 C - a scroll of blinking {unknown}
Potions
 d - a potion of might
 g - a potion of flight
 h - 3 potions of heal wounds
 q - a potion of stabbing {unknown}
 u - 2 potions of brilliance {unknown}
 v - a potion of cancellation {unknown}
 w - 2 potions of curing {unknown}
 z - a potion of haste {unknown}
Comestibles
 f - 5 rations


   Skills:
 + Level 5.2 Fighting
 + Level 5.8 Long Blades
 + Level 4.7 Armour
 + Level 0.3 Dodging
 + Level 0.1 Stealth
 + Level 6.4 Shields


You had 6 spell levels left.
You didn't know any spells.
Your spell library contained the following spells:

 Spells                   Type           Power        Failure   Level  Hunger
 Magic Dart               Conj           #...         100%        1    ##.....
 Blink                    Tloc           N/A          100%        2    ###....
 Call Imp                 Summ           #.......     100%        2    ###....
 Slow                     Hex            #.......     100%        2    ###....
 Conjure Flame            Conj/Fire      #.......     100%        3    ####...
 Mephitic Cloud           Conj/Pois/Air  #.......     100%        3    ####...


Dungeon Overview and Level Annotations

Branches:
Dungeon (5/15)             Temple (1/1) D:5

Altars:
Hepliaklqana
Nemelex Xobeh
Okawaru
Vehumet
Zin
The Shining One

Annotations:
D:2 Sigmund
D:5 Prince Ribbit


Innate Abilities, Weirdness & Mutations

You reflexively headbutt those who attack you in melee.
You have a pair of horns on your head.


Message History

* * * LOW HITPOINT WARNING * * *
Unknown command.
You closely miss Prince Ribbit. Your headbutt misses Prince Ribbit.
Prince Ribbit is lightly wounded.
Prince Ribbit hits you but does no damage. x2
Unknown command.
You miss Prince Ribbit. Your headbutt misses Prince Ribbit.
Prince Ribbit is lightly wounded.
You block Prince Ribbit's attack.
You closely miss Prince Ribbit. You headbutt Prince Ribbit.
Prince Ribbit is lightly wounded.
Prince Ribbit hits you!
* * * LOW HITPOINT WARNING * * *
Prince Ribbit blinks!
You see here a worker ant corpse.
You closely miss Prince Ribbit.
Prince Ribbit is lightly wounded.
You block Prince Ribbit's attack. Prince Ribbit hits you!
You die...

############ ##
#..........# ####
...###..........#######...
........F@................
##......†........####...##
......#.######...####.####
...........# #.####...#...
........##.###.####.#....#
......#.. ..............#
..#.#.#.. ###.##.#...#.##
.......... ...............
...!. .... .........#.##.#


You could see Prince Ribbit.

Vanquished Creatures
  2 phantoms
  2 crimson imps (D:5)
  A jelly (D:5)
  An orc wizard (D:4)
  Terence (D:3)
  3 worker ants
  2 hound skeletons (D:5)
  A worker ant zombie (D:5)
  4 adders
  An adder zombie (D:5)
  3 worms
  A dart slug (D:3)
  6 leopard geckos
  5 orcs
  A ball python (D:2)
  7 bats
  4 giant cockroaches
  10 goblins
  7 hobgoblins
  4 jackals (D:2)
  A quokka (D:2)
  5 frilled lizards
  4 kobolds
  7 rats
83 creatures vanquished.

Notes
Turn   | Place    | Note
-------+----------+-------------------------------------------
     0 | D:1      | Peloso the Minotaur Fighter began the quest for the Orb.
     0 | D:1      | Reached XP level 1. HP: 19/19 MP: 0/0
   331 | D:1      | Reached XP level 2. HP: 25/27 MP: 1/1
   396 | D:1      | Reached skill level 4 in Shields
   696 | D:2      | Reached XP level 3. HP: 32/33 MP: 2/2
   942 | D:2      | Noticed Sigmund
  1018 | D:3      | Reached XP level 4. HP: 39/40 MP: 3/3
  1084 | D:3      | Noticed Terence
  1087 | D:3      | Noticed a phantom
  1093 | D:3      | Killed Terence
  1142 | D:3      | Killed a phantom
  1142 | D:3      | Reached skill level 5 in Shields
  1142 | D:3      | Reached XP level 5. HP: 33/46 MP: 4/4
  1939 | D:4      | Reached XP level 6. HP: 53/53 MP: 5/5
  2045 | D:4      | Reached skill level 5 in Long Blades
  2045 | D:4      | Reached skill level 6 in Shields
  2660 | D:5      | Entered Level 5 of the Dungeon
  2751 | D:5      | Reached skill level 5 in Fighting
  2778 | D:5      | Found a staircase to the Ecumenical Temple.
  2792 | Temple   | Entered the Ecumenical Temple
  2803 | Temple   | Became a worshipper of Warmaster Okawaru
  3235 | D:5      | Noticed Prince Ribbit
  3242 | D:5      | Reached XP level 7. HP: 61/61 MP: 6/6
  3272 | D:5      | Slain by Prince Ribbit

Illustrated notes

Levels and vault maps discovered:
D:1:      heliophobic_arrival_battle_scene, layout_rooms,
          hangedman_decor_opposing
D:2:      minmay_alternating_diamond, layout_basic, first_ration, uniq_sigmund
D:3:      layout_rooms, uniq_terence
D:4:      layout_basic, portal_sewer_entry_d, chequers_avenue,
          minmay_starry_boxes
D:5:      layout_basic, temple_green, minmay_misc_feat_ornament,
          uniq_prince_ribbit1
Temple:   eino_temple_water

Skill      XL: |  1  2  3  4  5  6 |
---------------+-------------------+-----
Armour         | 4 |  4.7
Shields        | 4 5 6 |  6.4
Fighting       | 4 5 |  5.2
Long Blades    | 3 4 5 |  5.8
Dodging        | |  0.3
Stealth        | |  0.1

Action                   |  1- 3 |  4- 6 |  7- 9 || total
-------------------------+-------+-------+-------++-------
Melee: Long sword        |   136 |   179 |    17 ||   332
       Headbutt          |    26 |    33 |     1 ||    60
  Use: Potion            |     2 |       |     2 ||     4
       Scroll            |       |     6 |       ||     6
  Eat: Chunk             |       |     4 |       ||     4
       Ration            |       |     1 |       ||     1
Armor: Plate armour      |   126 |    96 |     8 ||   230
       Scale mail        |     1 |       |       ||     1
Dodge: Dodged            |    21 |    28 |     1 ||    50
Block: Kite shield       |   105 |    92 |    12 ||   209
       Rpst.: Long sword |     6 |     6 |       ||    12
